cohdb
Replays
Latest Replays
All Replays
Popular Replays
Top Player Replays
Match Explorer
How It Works
Community
CoH3 Stats
Reddit
Sign in to upload your games and track your stats! →
Sign in with Steam
Match 44634032
Unlisted
Match 44634032
Overview
Messages
Build Orders
End
Construct Infanterie Kompanie
Pioneer Squad
MG 42 Machine Gun Team
Grenadier Squad
MG 42 Machine Gun Team
Construct Panzergrenadier Kompanie
Panzergrenadier Squad
Panzergrenadier Squad
Panzergrenadier Officer Quarters
Construct Panzer Kompanie
Panzer IV Medium Tank
Side Skirts
Selects Breakthrough Battlegroup
Selects Rapid Production
Selects Assault Grenadiers
Selects Breakthrough
Selects Incendiary Bombing Run
Panzer IV Medium Tank
Stoßtruppen Squad
Panzer Officer Quarters
Incendiary Bombing Run
Pioneer Squad
Panzergrenadier Squad
Panzer IV Medium Tank
Selects Blitzkrieg
Panzer IV Medium Tank
MessersCHmitt
Big_Jesus@_lance>a_lot
ExNihilo
牧目漁洋雨
Coffee_addict
Fandango34
Serial Chiller
Neverdie
0
0
Comments
sign in to comment!
No comments posted yet!